 Dungeon Crawl Stone Soup version 0.31.0-7-gf635a9b802 (webtiles) character file.

Game seed: 14226973226860803842

310 petercordia the Slasher (level 6, -4/48 HPs)
             Began as a Merfolk Warper on Jan 23, 2024.
             Slain by an ogre
             ... wielding a +0 giant spiked club
              (33 damage)
             ... on level 4 of the Dungeon.
             The game lasted 00:05:59 (2632 turns).

petercordia the Slasher (Merfolk Warper)            Turns: 2632, Time: 00:06:00

Health: -4/48      AC: 10    Str: 12    XL:     6   Next: 41%
Magic:  9/9        EV: 13    Int: 12    God:
Gold:   164        SH:  0    Dex: 15    Spells: 7/9 levels left

rFire   . . .        a - +0 falchion
rCold   . . .        (no shield)
rNeg    . . .        b - +0 leather armour
rPois   .            o - +0 helmet
rElec   .            q - scarf {harm}
rCorr   .            v - +0 pair of gloves
SInv    .            y - +0 pair of boots
Will    .....        (no amulet)
Stlth   ++           k - +4 ring of protection
HPRegen 0.28/turn    (no ring)
MPRegen 0.11/turn

%: harm (+30% outgoing, +20% incoming)
@: no status effects
A: (nimble swimmer 2), mertail
a: no special abilities


You were on level 4 of the Dungeon.
You visited 1 branch of the dungeon, and saw 4 of its levels.

You collected 164 gold pieces.

Inventory:

Hand Weapons
 a - a +0 falchion (weapon)
 f - a +1 dagger of protection
Missiles
 d - 7 darts of dispersal {!f}
 e - 31 stones (quivered)
Armour
 b - a +0 leather armour (worn)
 o - a +0 helmet (worn)
 q - a scarf of harm (worn)
 v - a +0 pair of gloves (worn)
 y - a +0 pair of boots (worn)
Jewellery
 k - a +4 ring of protection (left hand)
Wands
 C - a wand of flame (36)
 E - a wand of paralysis (8)
Scrolls
 c - 4 scrolls of blinking
 g - 3 scrolls of amnesia {unknown}
 h - 2 scrolls of identify {unknown}
 i - 3 scrolls of teleportation {unknown}
 n - a scroll of enchant weapon {unknown}
 p - a scroll of fog {unknown}
 s - a scroll of poison {unknown}
 t - a scroll of brand weapon {unknown}
 w - a scroll of enchant armour {unknown}
 B - a scroll of immolation {unknown}
 D - a scroll of summoning {unknown}
Potions
 j - 2 potions of enlightenment {unknown}
 l - a potion of haste {unknown}
 m - a potion of resistance {unknown}
 r - 2 potions of curing {unknown}
 u - a potion of lignification {unknown}
 x - a potion of invisibility {unknown}
 z - a potion of brilliance {unknown}
 A - a potion of magic {unknown}


   Skills:
 + Level 3.7 Fighting
 * Level 5.3 Long Blades
 - Level 1.0 Throwing
 - Level 0.6 Armour
 + Level 4.5 Dodging
 - Level 3.0 Stealth
 - Level 2.0 Spellcasting
 - Level 2.4 Translocations


You had 7 spell levels left.
You knew the following spells:

 Your Spells              Type           Power      Damage    Failure   Level
a - Blink                 Tloc           12%        N/A       21%         2

Your spell library contained the following spells:

 Spells                   Type           Power      Damage    Failure   Level
 Lesser Beckoning         Tloc           12%        N/A       21%         2
 Gell's Gravitas          Tloc           6%         N/A       36%         3
 Teleport Other           Tloc           6%         N/A       36%         3
 Manifold Assault         Tloc           6%         N/A       78%         4
 Vhi's Electric Charge    Tloc/Air       8%         N/A       91%         4


Dungeon Overview and Level Annotations

Branches:
Dungeon (4/15)
 Temple: D:4-7

Altars:
Vehumet


Innate Abilities, Weirdness & Mutations

((You are very nimble when in or above water. (Stealth+, EV+, Speed+++)))
Your lower body shifts to a powerful aquatic tail in water.


Message History

The orc priest completely misses you.
You hit the orc priest.
The orc priest is heavily wounded.
The orc priest closely misses you.
You hit the orc priest. You punch the orc priest.
You kill the orc priest!
No target in view!
i - 3 scrolls labelled EGRIAZXITIE (gained 1)
You now have 164 gold pieces (gained 10).
You open the door.
A bombardier beetle comes into view.
A bombardier beetle is nearby!
There is an open door here.
You slash the bombardier beetle!
The bombardier beetle is severely wounded.
The bombardier beetle bites you but does no damage.
You hit the bombardier beetle but do no damage.
The bombardier beetle is severely wounded.
The bombardier beetle bites you but does no damage.
You hit the bombardier beetle.
The bombardier beetle is almost dead.
You hit the bombardier beetle.
The bombardier beetle is almost dead.
The bombardier beetle bites you.
You hit the bombardier beetle.
You kill the bombardier beetle!
Training target 3.0 for Stealth reached!
Your Stealth skill increases to level 3!
HP restored.
An ogre comes into view. It is wielding a +0 giant spiked club.
You see here a bombardier beetle corpse.
The ogre shouts!
The ogre hits you with a +0 giant spiked club!
You slash the ogre!
The ogre is heavily wounded.
You hit the ogre.
The ogre is heavily wounded.
The ogre hits you with a +0 giant spiked club!!
Ouch! That really hurt!
You die...

#.#.........######.###.#
#.#.######.## #
#.#.######.#
#.#........#
####.#.#####.########.
......................
.####.#######.####.##.
#.## ##.#O## .#
#..##+##..#.@# .#
#....#....##.# .#
##.......##.†# .#
+.......'...# .#
##.......##..# .#
##.........##.#
.###...........###
..................
.######.....######


You could see an ogre.

Vanquished Creatures
  An ogre (D:4)
  A hound (D:4)
  2 orc priests (D:4)
  A bombardier beetle (D:4)
  An orc wizard (D:3)
  An adder (D:3)
  2 dart slugs
  3 ribbon worms
  5 orcs
  8 ball pythons
  An endoplasm (D:2)
  2 giant cockroaches
  3 goblins
  3 hobgoblins
  4 jackals (D:1)
  2 quokkas (D:1)
  9 bats
  2 frilled lizards
  4 kobolds
  6 rats
61 creatures vanquished.

Notes
Turn   | Place    | Note
-------+----------+-------------------------------------------
     0 | D:1      | petercordia the Merfolk Warper began the quest for the Orb.
     0 | D:1      | Reached XP level 1. HP: 16/16 MP: 3/3
   115 | D:1      | Reached XP level 2. HP: 23/23 MP: 5/5
   311 | D:1      | Reached skill level 3 in Long Blades
   429 | D:1      | Reached skill level 1 in Stealth
   501 | D:1      | Reached XP level 3. HP: 28/28 MP: 6/6
  1371 | D:3      | Reached XP level 4. HP: 34/34 MP: 7/7
  1635 | D:3      | Found a radiant altar of Vehumet.
  1701 | D:3      | Learned a level 2 spell: Blink
  1928 | D:3      | Reached skill level 4 in Long Blades
  2250 | D:4      | Noticed an ogre
  2258 | D:4      | Killed an ogre
  2259 | D:4      | Reached XP level 5. HP: 41/41 MP: 8/8
  2516 | D:4      | Found Ruikity's Jewellery Emporium.
  2574 | D:4      | Reached skill level 5 in Long Blades
  2574 | D:4      | Reached XP level 6. HP: 47/47 MP: 9/9
  2632 | D:4      | Slain by an ogre

Illustrated notes

Levels and vault maps discovered:
D:1:      dpeg_arrival_fog, layout_loops_ring
D:2:      layout_rooms
D:3:      layout_loops_ring, vehumet_altar_wand_db, minivault_11
D:4:      kennysheep_six_static_rooms, layout_loops_ring, serial_shops, shop,
          minmay_pentangle

Skill      XL: |  1  2  3  4  5  6 |
---------------+-------------------+-----
Dodging        | 3 4 |  4.5
Long Blades    | 3 4 5 |  5.3
Stealth        | 1 2 3 |  3.0
Fighting       | 3 |  3.7
Throwing       | |  1.0
Armour         | |  0.6
Spellcasting   | |  2.0
Translocations | |  2.4

Action                     |  1- 3 |  4- 6 || total
---------------------------+-------+-------++-------
  Melee: Falchion          |   143 |    80 ||   223
         Punch             |     1 |     2 ||     3
  Evoke: Wand              |       |     4 ||     4
   Stab: Sleeping          |     1 |       ||     1
 Armour: Leather armour    |    97 |    46 ||   143
  Dodge: Dodged            |   101 |    41 ||   142
